 Dungeon Crawl Stone Soup version 0.24.0-13-gcf9b319 (webtiles) character file.

Game seed: 17777812859022112043, levelgen mode: deterministic

332 Bronimir the Ogre Mage (level 6, -7/55 HPs)
             Began as an Ogre Fire Elementalist on Mar 29, 2020.
             Was an Initiate of Okawaru.
             Mangled by an ogre
             ... wielding a +0 giant spiked club
              (17 damage)
             ... on level 4 of the Dungeon.
             The game lasted 00:09:22 (3803 turns).

Bronimir the Ogre Mage (Ogre Fire Elementalist)     Turns: 3803, Time: 00:09:23

Health: -7/55      AC:  4    Str: 15      XL:     6   Next: 52%
Magic:  22/29      EV:  1    Int: 16      God:    Okawaru [......]
Gold:   120        SH:  0    Dex:  0 (9)  Spells: 2/12 levels left

rFire    . . .     SeeInvis .   a - +1 giant club
rCold    . . .     Gourm    .   (shield currently unavailable)
rNeg     . . .     Faith    +   t - +1 robe
rPois    .         Spirit   .   (helmet restricted)
rElec    .         Reflect  .   (no cloak)
rCorr    .         Harm     .   (gloves unavailable)
MR       .....                  (boots unavailable)
Stlth    ..........             y - amulet of faith
HPRegen  0.18/turn              h - ring of magical power
MPRegen  0.21/turn              p - ring of magical power

@: lethally poisoned (-7 -> -11), about to teleport, slowed, lost dexterity,
very slow
A: large, unfitting armour, tough skin 1
a: Renounce Religion


You were on level 4 of the Dungeon.
You worshipped Okawaru.
Okawaru was noncommittal.
You were not hungry.

You visited 2 branches of the dungeon, and saw 5 of its levels.

You collected 120 gold pieces.

Inventory:

Hand Weapons
 a - a +1 giant club (weapon)
 b - a +0 hunting sling
 f - a +0 whip
 j - a +0 flail
 u - a +0 whip of venom
Missiles
 d - 172 stones
 g - 39 bolts
 i - 17 poisoned darts
 k - 23 arrows
 o - 51 sling bullets
 w - 7 javelins (quivered)
Armour
 t - a +1 robe (worn)
Jewellery
 h - a ring of magical power (left hand)
 p - a ring of magical power (right hand)
 v - an uncursed ring of magical power
 y - an amulet of faith (around neck)
Scrolls
 e - 8 scrolls of identify
 m - a scroll of amnesia {unknown}
 s - 2 scrolls of magic mapping
 z - a scroll of enchant weapon
Potions
 n - 2 potions of lignification
 r - a potion of agility
 x - a potion of magic {unknown}
Comestibles
 c - 8 rations
 l - 3 chunks of flesh


   Skills:
 + Level 1.3 Fighting
 + Level 0.4 Maces & Flails
 + Level 2.5 Throwing
 + Level 2.8 Dodging
 - Level 1.4 Stealth
 * Level 3.9 Spellcasting
 * Level 2.4 Conjurations
 * Level 3.8 Fire Magic


You had 2 spell levels left.
You knew the following spells:

 Your Spells              Type           Power        Failure   Level  Hunger
a - Flame Tongue          Conj/Fire      ##...        4%          1    None
b - Throw Flame           Conj/Fire      ##....       7%          2    ##.....
c - Conjure Flame         Conj/Fire      ##......     14%         3    ###....
d - Sticky Flame          Conj/Fire      ##......     43%         4    ####...

Your spell library contained the following spells:

 Spells                   Type           Power        Failure   Level  Hunger
 Inner Flame              Hex/Fire       #.......     24%         3    ###....
 Fireball                 Conj/Fire      ##........   78%         5    ######.


Dungeon Overview and Level Annotations

Branches:
Dungeon (4/15)             Temple (1/1) D:4

Altars:
Ashenzari
Cheibriados
Elyvilon
Gozag
Hepliaklqana
Kikubaaqudgha
Nemelex Xobeh
Okawaru
Ru
Sif Muna
Trog
Uskayaw
Yredelemnul
The Shining One


Innate Abilities, Weirdness & Mutations

You are too large for most types of armour.
You have tough skin. (AC +1)


Message History

The worker ant bites you but does no damage.
The ogre hits you with a +0 giant spiked club!
The worker ant bites you but does no damage.
Casting: Flame Tongue (safe; 4% risk of failure)
Confirm with . or Enter, or press ? or * to list all spells.
Aiming: Flame Tongue (safe; 4% risk of failure)
Press: ? - help, Shift-Dir - straight line, f/p - worker ant
Aim: a worker ant (almost dead)
The flame tongue misses the worker ant.
The worker ant bites you but does no damage.
The ogre hits you with a +0 giant spiked club!
The worker ant bites you.
* * * LOW HITPOINT WARNING * * *
You are poisoned.
The worker ant poisons you!
As you read the scroll of teleportation, it crumbles to dust.
You feel strangely unstable.
You feel sick. The worker ant bites you.
* * * LOW HITPOINT WARNING * * *
The ogre hits you with a +0 giant spiked club!
You die...

........##.####......##..........
........#..#.#.......###.........
###.......##.........##..........
,,#...#...#.......#..............
,,#...#......................###.
,,#........#.#..##..........## #.
,*#...#...#####>...........##***#
,,#...#...# #...##.......#**,,,
,,#.......#***#.@O.##....#.,,,,,*
,,#..............a)#*##..##,,,,,,
,,*...................##,****,,,,
*,*........##...........,,***,,,,
***,,,,,,.,*##....#.....,,,,*,,,,
*,*,*,,,,,,,*#....#.....,,,,,,,,,
,**,*,,,,,,,,......,....,**,,,,,,
,,*,,,,,,,,,.......,....,,,,,,,,,
*,*,,,,,,,,,,,,,,,,,,*,*,*,*,*,*,


You could see an ogre and a worker ant.

Vanquished Creatures
  An ogre (D:4)
  A quasit (D:3)
  An orc priest (D:3)
  Jessica (D:3)
  An orc wizard (D:3)
  A worker ant (D:3)
  A hound skeleton (D:4)
  2 adders (D:3)
  2 worms (D:3)
  2 dart slugs (D:1)
  4 leopard geckos
  7 orcs
  2 giant cockroaches (D:2)
  11 goblins
  6 hobgoblins
  4 jackals
  5 kobolds
  A quokka (D:4)
  4 bats
  A frilled lizard (D:4)
  7 rats
65 creatures vanquished.

Vanquished Creatures (others)
  22 toadstools (D:4)
22 creatures vanquished.

Grand Total: 87 creatures vanquished

Notes
Turn   | Place    | Note
-------+----------+-------------------------------------------
     0 | D:1      | Bronimir the Ogre Fire Elementalist began the quest for the
                  | Orb.
     0 | D:1      | Reached XP level 1. HP: 16/16 MP: 3/3
   191 | D:1      | Reached XP level 2. HP: 24/24 MP: 3/5
   223 | D:1      | Learned a level 2 spell: Throw Flame
   638 | D:2      | Reached skill level 1 in Conjurations
   935 | D:2      | Found a white marble altar of Elyvilon.
  1060 | D:2      | Reached XP level 3. HP: 32/32 MP: 7/7
  1496 | D:3      | Reached skill level 1 in Throwing
  1725 | D:3      | Reached XP level 4. HP: 40/40 MP: 8/8
  1727 | D:3      | Found a basalt altar of Yredelemnul.
  1758 | D:3      | Reached skill level 1 in Fighting
  1808 | D:3      | Reached XP level 5. HP: 7/48 MP: 0/9
  2176 | D:3      | Noticed Jessica
  2184 | D:3      | Killed Jessica
  2254 | D:3      | Learned a level 3 spell: Conjure Flame
  2259 | D:3      | Learned a level 4 spell: Sticky Flame
  2504 | D:3      | Lost dexterity.
  3223 | D:4      | Noticed an ogre
  3229 | D:4      | Killed an ogre
  3229 | D:4      | Reached XP level 6. HP: 17/55 MP: 11/11
  3559 | D:4      | Found a staircase to the Ecumenical Temple.
  3574 | Temple   | Entered the Ecumenical Temple
  3648 | Temple   | Became a worshipper of Warmaster Okawaru
  3803 | D:4      | Mangled by an ogre

Levels and vault maps discovered:
D:1:      zaba_arrival_water, layout_loops_ring
D:2:      layout_basic, mrwooster_statue_mirror, lemuel_altar_in_water
D:3:      layout_basic, lemuel_crystal_altar, uniq_jessica
D:4:      layout_cave_pools, tgw_fedhas, temple_fountains, first_ration,
          st_stairs_12
Temple:   nicolae_temple_god_jail

Skill      XL: |  1  2  3  4  5 |
---------------+----------------+-----
Dodging        | 2 |  2.8
Conjurations   | 1 2 |  2.4
Fire Magic     | 3 |  3.8
Throwing       | 1 2 |  2.5
Fighting       | 1 |  1.3
Spellcasting   | 3 |  3.9
Maces & Flails | |  0.4
Stealth        | |  1.4

Action                   |  1- 3 |  4- 6 || total
-------------------------+-------+-------++-------
Melee: Whip              |    12 |     4 ||    16
       Flail             |       |    16 ||    16
       Giant club        |       |     6 ||     6
Throw: Dart              |    26 |       ||    26
       Javelin           |    35 |    27 ||    62
       Stone             |       |     4 ||     4
 Cast: Flame Tongue      |    13 |    74 ||    87
       Throw Flame       |     2 |    18 ||    20
  Use: Potion            |       |     4 ||     4
       Scroll            |       |     8 ||     8
  Eat: Chunk             |     2 |     6 ||     8
       Ration            |       |     1 ||     1
Armor: Robe              |     7 |    79 ||    86
       Skin              |       |    13 ||    13
Dodge: Dodged            |    23 |    58 ||    81
